 Dungeon Crawl Stone Soup version 0.26.1-11-gd32895ea62 (webtiles) character file.

Game seed: 330746371861848087

382 Arcadio the Covert (level 6, -10/39 HPs)
             Began as an Octopode Brigand on May 22, 2021.
             Mangled by an ogre
             ... wielding a +0 giant spiked club
              (12 damage)
             ... on level 5 of the Dungeon.
             The game lasted 00:07:59 (4825 turns).

Arcadio the Covert (Octopode Brigand)               Turns: 4825, Time: 00:08:00

Health: -10/39     AC:  1    Str: 10    XL:     6   Next: 76%
Magic:  6/6        EV: 13    Int: 14    God:
Gold:   190        SH:  0    Dex: 15    Spells: 5/5 levels left

rFire    . . .     SeeInvis .   a - +3 dagger
rCold    . . .     Faith    .   (no shield)
rNeg     . . .     Spirit   .   (helmet restricted)
rPois    .         Reflect  .   (no amulet)
rElec    .         Harm     .   (no ring)
rCorr    .         Rampage  .   (no ring)
Will     .....                  (no ring)
Stlth    +++++.....             (no ring)
HPRegen  0.13/turn              (no ring)
MPRegen  0.10/turn              (no ring)
                                (no ring)
                                (no ring)

@: about to teleport, studying Dodging
A: almost no armour, stealthy swim, amphibious, 8 rings, constrict 8, camouflage
1, gelatinous body 1
a: no special abilities


You were on level 5 of the Dungeon.
You visited 1 branch of the dungeon, and saw 5 of its levels.

You collected 190 gold pieces.

Inventory:

Hand Weapons
 a - a +3 dagger (weapon)
 h - a +3 dagger
Missiles
 b - 8 poisoned darts (quivered)
 c - 2 curare-tipped darts
Armour
 q - a +0 kite shield
Jewellery
 e - an uncursed amulet of reflection {unknown}
 g - an uncursed ring of magical power {unknown}
 k - an uncursed amulet of guardian spirit {unknown}
 m - a cursed -4 ring of slaying {unknown}
 p - a +6 ring of intelligence {unknown}
 r - an uncursed ring of resist corrosion {unknown}
Wands
 n - a wand of paralysis (11)
Scrolls
 i - 3 scrolls of enchant weapon
 j - a scroll of amnesia {unknown}
 l - 2 scrolls of teleportation
 o - a scroll of remove curse {unknown}
Potions
 d - 2 potions of brilliance
 f - 2 potions of flight
 s - a potion of curing {unknown}
Books
 t - a manual of Dodging


   Skills:
 - Level 2.0 Fighting
 + Level 5.1 Short Blades
 - Level 2.0 Throwing
 - Level 1.0 Dodging
 + Level 8.6 Stealth


You had 5 spell levels left.
You didn't know any spells.
Your spell library was empty.

Dungeon Overview and Level Annotations

Branches:
Dungeon (5/15)
 Temple: D:4-7

Altars:
Elyvilon
Ru


Innate Abilities, Weirdness & Mutations

You cannot wear most types of armour.
You are very stealthy in the water. (Stealth+)
You are amphibious.
You can wear up to eight rings at the same time.
You can use your tentacles to constrict eight enemies at once.
Your skin changes colour to match your surroundings (Stealth+).
Your rubbery body absorbs attacks. (AC +1, EV +1)


Message History

The white imp shouts!
You hear a shout!
You hit the ogre. Your squeeze misses the ogre.
The ogre is moderately wounded.
The giant cockroach barely misses you. The white imp gestures at you.
The puff of frost hits you. The ogre barely misses you.
You hit the ogre. You squeeze the ogre.
The ogre is heavily wounded.
The giant cockroach bites you.
You hit the ogre but do no damage. Your squeeze misses the ogre.
The ogre is heavily wounded.
The ogre hits you with a +0 giant spiked club!!
* * * LOW HITPOINT WARNING * * *
You hit the ogre.
The ogre is severely wounded.
Okay, then.
As you read the scroll of teleportation, it crumbles to dust.
You feel strangely unstable.
The ogre hits you with a +0 giant spiked club!
You die...

. .......). #..##...#
..##........###......#
.....................#
..........###..#...# #........
##.#...# ##### ...##..#####
#....####...###
#.......5.#######.###≈≈≈≈≈≈≈≈#
##.....##..BO.# #.# ####...###
....#.. #####@###.#######.##
... ##. ##.....##......# . ..
##..............## ..
#................# ...
#................# ...
#†...............#
#................#
#................#
#................#


You could see an ogre, a white imp and a giant cockroach.

Vanquished Creatures
  A hound (D:4)
  An orc priest (D:3)
  3 orc wizards
  A bullfrog skeleton (D:4)
  2 worker ants
  3 adders
  A gnoll (D:4)
  An ooze (D:3)
  An adder zombie (D:5)
  A worm (D:2)
  5 dart slugs
  4 leopard geckos
  3 orcs (D:3)
  A ball python (D:3)
  5 bats
  A giant cockroach (D:5)
  11 goblins
  16 hobgoblins
  2 jackals (D:2)
  10 kobolds
  7 quokkas
  A ball python skeleton (D:4)
  9 frilled lizards
  8 rats
98 creatures vanquished.

Notes
Turn   | Place    | Note
-------+----------+-------------------------------------------
     0 | D:1      | Arcadio the Octopode Brigand began the quest for the Orb.
     0 | D:1      | Reached XP level 1. HP: 14/14 MP: 1/1
   433 | D:1      | Reached XP level 2. HP: 15/19 MP: 2/2
   600 | D:1      | Reached skill level 6 in Stealth
   601 | D:1      | Reached XP level 3. HP: 24/24 MP: 3/3
  1274 | D:2      | Reached XP level 4. HP: 17/29 MP: 4/4
  2266 | D:3      | Reached skill level 7 in Stealth
  2642 | D:3      | Reached XP level 5. HP: 34/34 MP: 5/5
  3130 | D:3      | Found a sacrificial altar of Ru.
  3360 | D:3      | Found a white marble altar of Elyvilon.
  3393 | D:3      | Reached XP level 6. HP: 39/39 MP: 6/6
  3624 | D:4      | Reached skill level 8 in Stealth
  4005 | D:4      | Reached skill level 5 in Short Blades
  4246 | D:5      | Entered Level 5 of the Dungeon
  4339 | D:5      | Noticed a two-headed ogre
  4818 | D:5      | HP: 1/39 [ogre/+0 giant spiked club (18)]
  4825 | D:5      | Mangled by an ogre

Illustrated notes

Levels and vault maps discovered:
D:1:      lemuel_arrival_rhombus, layout_loops_ring
D:2:      layout_basic, minivault_5, small_statue_intersection,
          minmay_fractal_squares_5
D:3:      cheibrodos_pilgrimage, layout_basic, elyvilon_altar_5,
          nicolae_ru_great_annihilating_truth
D:4:      layout_loops_cross, minmay_manual_maat
D:5:      layout_rooms, chequers_serial_rivers_micro_a, hangedman_decor_points,
          nemelex_dance_club_becter

Skill      XL: |  1  2  3  4  5  6 |
---------------+-------------------+-----
Stealth        | 6 7 8 |  8.6
Short Blades   | 3 4 5 |  5.1
Fighting       | |  2.0
Throwing       | |  2.0
Dodging        | |  1.0

Action                   |  1- 3 |  4- 6 || total
-------------------------+-------+-------++-------
Melee: Dagger            |    68 |   110 ||   178
       Constrict         |    17 |    20 ||    37
       Tentacles         |    10 |    13 ||    23
  Use: Scroll            |     3 |     4 ||     7
 Stab: Sleeping          |    16 |    31 ||    47
       Distracted        |       |     1 ||     1
       Paralysed         |       |     1 ||     1
Armor: Skin              |     2 |     2 ||     4
Dodge: Dodged            |    27 |    30 ||    57
